 Dungeon Crawl Stone Soup version 0.31-a0-264-ga0b03e459d (webtiles) character file.

Game seed: 12181033909170543579

120 qw the Shooter (level 5, -1/30 HPs)
             Began as a Gargoyle Hexslinger on July 13, 2023.
             Slain by an orc
             ... wielding a +0 club
              (4 damage)
             ... on level 4 of the Dungeon.
             The game lasted 00:00:47 (1458 turns).

qw the Shooter (Gargoyle Hexslinger)                Turns: 1458, Time: 00:00:47

Health: -1/30      AC:  9    Str: 12    XL:     5   Next: 4%
Magic:  6/6        EV: 10    Int: 13    God:
Gold:   93         SH:  0    Dex: 14    Spells: 5/6 levels left

rFire   . . .        Y - +1 sling
rCold   . . .        (no shield)
rNeg    + . .        k - +0 ring mail
rPois   inf          (no helmet)
rElec   +            (no cloak)
rCorr   .            (no gloves)
SInv    .            (no boots)
Will    .....        (no amulet)
Stlth   +            (no ring)
HPRegen 0.25/turn    (no ring)
MPRegen 0.10/turn

%: no passive effects
@: no status effects
A: sickness immunity, AC +4, negative energy resistance 1, electricity
resistance, torment resistance 1, petrification resistance
a: no special abilities


You were on level 4 of the Dungeon.
You visited 1 branch of the dungeon, and saw 4 of its levels.

You collected 93 gold pieces.


Innate Abilities, Weirdness & Mutations

You are immune to sickness and miasma.
Your stone body is resilient. (AC +4)
You are immune to poison.
You resist negative energy. (rN+)
You are resistant to electric shocks. (rElec)
You are resistant to unholy torment.
You are immune to petrification.


   Skills:
 - Level 2.0 Fighting
 + Level 4.2 Ranged Weapons
 - Level 1.9 Armour
 - Level 1.5 Dodging
 - Level 1.0 Spellcasting
 - Level 2.6 Hexes


You had 5 spell levels left.
You knew the following spells:

 Your Spells              Type           Power      Damage    Failure   Level
a - Slow                  Hex            28%        N/A       21%         1

Your spell library contained the following spells:

 Spells                   Type           Power      Damage    Failure   Level
 Inner Flame              Hex/Fire       4%         N/A       71%         3
 Portal Projectile        Hex/Tloc       8%         N/A       71%         3
 Cause Fear               Hex            3%         N/A       90%         4

Inventory:

Hand Weapons
 Y - a +1 sling (weapon)
Armour
 k - a +0 ring mail (worn)
Jewellery
 f - a ring of fire
Scrolls
 g - a scroll of identify
Potions
 a - a potion of mutation {unknown}
 b - a potion of enlightenment {unknown}
 c - a potion of resistance {unknown}
 e - a potion of cancellation {unknown}
 h - a potion of haste
 l - a potion of attraction {unknown}

Dungeon Overview and Level Annotations

Branches:
Dungeon (4/15)
 Temple: D:4-7

Altars:


Message History

You shoot a sling bullet. The sling bullet hits the orc.
You kill the orc!
The orc priest hits you with a +0 flail.
The orc priest mumbles some strange prayers to Beogh against you.
Beogh smites you! The orc hits you but does no damage.
1450 ||| DRINKING potion of heal wounds.
You feel much better. The orc closely misses you.
The orc priest casts a cantrip, but nothing happens.
You shoot a sling bullet.
The sling bullet hits the orc priest but does no damage.
The orc hits you but does no damage.
The orc priest calls down the wrath of Beogh upon you.
You barely resist. You shoot a sling bullet.
The sling bullet barely misses the orc priest.
The orc hits you but does no damage.
The orc priest hits you with a +0 flail.
You shoot a sling bullet. The sling bullet hits the orc priest.
The orc priest is moderately wounded.
The orc hits you with a +0 club. The orc priest barely misses you.
The orc priest invokes the aid of Beogh against you.
Beogh smites you! The orc hits you with a +0 club.
You shoot a sling bullet. The sling bullet hits the orc priest.
The orc priest is heavily wounded.
The orc hits you but does no damage. The orc priest closely misses you.
You shoot a sling bullet.
The sling bullet closely misses the orc priest.
The orc closely misses you. The orc priest barely misses you.
You shoot a sling bullet. The sling bullet hits the orc priest!
You kill the orc priest!
The orc hits you with a +0 club. The orc hits you but does no damage.
Your Armour skill increases to level 1!
You have reached level 5!
You shoot a sling bullet.
The sling bullet completely misses the orc.
The orc hits you with a +0 club.
You shoot a sling bullet.
The sling bullet completely misses the orc.
The orc hits you with a +0 club.
You die...

........#..##..
........##.#..# .....
............... .....
.............. ......
............. ......
###.......#.####
#......
#........##.#.##.......
#..#...........#..)....
######...#.#...@o..).).
#########..)#...#.
##### ##


You could see an orc.

Vanquished Creatures
  2 orc priests (D:4)
  2 adders (D:2)
  2 orcs (D:4)
  3 ball pythons
  4 endoplasms
  A giant cockroach (D:3)
  2 hobgoblins
  4 jackals (D:2)
  5 kobolds
  2 quokkas
  A bat (D:2)
  5 frilled lizards
  5 goblins
  5 rats
43 creatures vanquished.

Notes
Turn   | Place    | Note
-------+----------+-------------------------------------------
     0 | D:1      | qw the Gargoyle Hexslinger began the quest for the Orb.
     0 | D:1      | Reached XP level 1. HP: 12/12 MP: 2/2
     0 | D:1      | 0 ||| qw: Version: 0.3-a-52-g30416fa
     0 | D:1      | 0 ||| qw: Game counter: 7562
     0 | D:1      | 0 ||| qw: Melee chars always use a shield: true
     0 | D:1      | 0 ||| qw: God list: Okawaru
     0 | D:1      | 0 ||| qw: Allow faded altars: false
     0 | D:1      | 0 ||| qw: Do Orc after clearing Dungeon:15 true
     0 | D:1      | 0 ||| qw: Do second Lair branch before Depths: true
     0 | D:1      | 0 ||| qw: Lair rune preference: random
     0 | D:1      | 0 ||| qw: Goals: Normal
     0 | D:1      | 0 ||| PLANNING D:1-11
   225 | D:1      | Reached XP level 2. HP: 12/16 MP: 3/3
   384 | D:1      | You fall into a shaft and drop 1 floor!
   391 | D:2      | 391 ||| UPGRADING to +0 leather armour.
   401 | D:2      | 401 ||| DROPPING +0 robe.
   402 | D:2      | 402 ||| UPGRADING to +0 ring mail.
   412 | D:2      | 412 ||| DROPPING +0 leather armour.
   413 | D:2      | 413 ||| READING scroll labelled PBBA HENKIP.
   414 | D:2      | 414 ||| READING 2 scrolls labelled TIHICR RIOKAUDINEC.
   415 | D:2      | 415 ||| READING scroll labelled FATUDIMIHO.
   416 | D:2      | 416 ||| READING scroll labelled FIAKEMP UCENU.
   417 | D:2      | 417 ||| DRINKING 3 viscous pink potions.
   444 | D:2      | 444 ||| DROPPING scroll of poison.
   445 | D:2      | 445 ||| DROPPING 2 potions of lignification.
   456 | D:2      | Reached skill level 3 in Ranged Weapons
   532 | D:2      | 532 ||| STAIRDANCE
   615 | D:2      | Reached XP level 3. HP: 20/20 MP: 4/4
   896 | D:2      | Found a faded altar of an unknown god.
   985 | D:2      | 985 ||| DROPPING ring of flight.
   986 | D:2      | 986 ||| READING scroll labelled TACODD WURITUSCH.
   990 | D:2      | 990 ||| READING scroll labelled UREFUI SUCO.
  1069 | D:2      | 1069 ||| DRINKING 2 metallic red potions.
  1070 | D:2      | 1070 ||| DRINKING 2 fuming golden potions.
  1071 | D:2      | 1071 ||| READING 2 scrolls of identify.
  1071 | D:2      | 1071 ||| IDENTIFYING fuming grey potion
  1072 | D:2      | 1072 ||| DROPPING potion of ambrosia.
  1279 | D:3      | Reached XP level 4. HP: 23/26 MP: 5/5
  1442 | D:4      | Reached skill level 4 in Ranged Weapons
  1449 | D:4      | HP: 5/26 [orc priest/divine providence (8)]
  1450 | D:4      | 1450 ||| DRINKING potion of heal wounds.
  1456 | D:4      | HP: 5/26 [orc/+0 club (2)]
  1457 | D:4      | Reached skill level 1 in Armour
  1457 | D:4      | Reached XP level 5. HP: 6/30 MP: 6/6
  1458 | D:4      | Slain by an orc

Levels and vault maps discovered:
D:1:      erik_arrival_blinker_ship, layout_rooms
D:2:      layout_rooms, shapermc_ecumenical_altar_acropolis
D:3:      layout_rooms
D:4:      layout_cave_pools, minmay_temple_entry_proselytizer

Skill      XL: |  1  2  3  4 |
---------------+-------------+-----
Ranged Weapons | 3 4 |  4.2
Fighting       | 2 |  2.0
Armour         | 1 |  1.9
Dodging        | |  1.5
Spellcasting   | |  1.0
Hexes          | |  2.6

Action                     |  1- 3 |  4- 6 || total
---------------------------+-------+-------++-------
   Fire: Sling             |   150 |    23 ||   173
    Use: Scroll            |     7 |       ||     7
         Potion            |     3 |     1 ||     4
 Armour: Robe              |     3 |       ||     3
         Ring mail         |    67 |     7 ||    74
  Dodge: Dodged            |    85 |    10 ||    95

Table legend:
 A = Non-vault XP
 B = Vault XP
 C = Vault XP percentage of total XP
 D = Non-vault monster count
 E = Vault monster count
 F = Vault count percentage of total count
                 A         B        C        D         E       F
            +---------+---------+-------+---------+---------+-------
      Total |     172 |       0 |   0.0 |      43 |       0 |   0.0
            +---------+---------+-------+---------+---------+-------
        D:1 |      19 |       0 |   0.0 |      13 |       0 |   0.0
        D:2 |      45 |       0 |   0.0 |      14 |       0 |   0.0
        D:3 |      18 |       0 |   0.0 |      10 |       0 |   0.0
        D:4 |      90 |       0 |   0.0 |       6 |       0 |   0.0
            +---------+---------+-------+---------+---------+-------
